 Dungeon Crawl Stone Soup version 0.28-b1-38-gff268fdeb9 (webtiles) character file.

Game seed: 7044681019344500635

0 Hantington the Grave Robber (level 1, -2/13 HPs)
             Began as a Mummy Necromancer on Feb 3, 2022.
             Slain by a quokka (5 damage)
             ... on level 1 of the Dungeon.
             The game lasted 00:02:09 (346 turns).

Hantington the Grave Robber (Mummy Necromancer)      Turns: 346, Time: 00:02:10

Health: -2/13      AC:  2    Str: 11    XL:     1   Next: 0%
Magic:  4/4        EV: 12    Int: 14    God:
Gold:   0          SH:  0    Dex: 12    Spells: 4/5 levels left

rFire   x . .      SeeInvis .   b - +2 hunting sling (freeze)
rCold   + . .      Faith    .   (no shield)
rNeg    + + +      Spirit   .   a - +0 robe
rPois   ∞          Reflect  .   (no helmet)
rElec   .          Harm     .   (no cloak)
rCorr   .          Rampage  .   (no gloves)
Will    .....                   (no boots)
Stlth   ++........              (no amulet)
HPRegen 0.04/turn               (no ring)
MPRegen 0.09/turn               (no ring)

@: no status effects
A: cold resistance 1, negative energy resistance 3, torment resistance 2, heat
vulnerability 1, no potions
a: no special abilities


You were on level 1 of the Dungeon.
You visited 1 branch of the dungeon, and saw 1 of its levels.

Inventory:

Hand Weapons
 b - a +2 hunting sling of freezing (weapon)
Armour
 a - a +0 robe (worn)


   Skills:
 + Level 1.5 Dodging
 + Level 1.5 Stealth
 + Level 2.6 Spellcasting
 + Level 4.0 Necromancy


You had 4 spell levels left.
You knew the following spells:

 Your Spells              Type           Power      Damage    Failure   Level
a - Pain                  Necr           52%        1d6       4%          1

Your spell library contained the following spells:

 Spells                   Type           Power      Damage    Failure   Level
 Animate Skeleton         Necr           26%        N/A       4%          1
 Vampiric Draining        Necr           13%        2d6       13%         3
 Animate Dead             Necr           6%         N/A       38%         4
 Agony                    Necr           13%        N/A       75%         5


Dungeon Overview and Level Annotations

Branches:
Dungeon (1/15)

Altars:


Innate Abilities, Weirdness & Mutations

You are immune to poison.
Your flesh is cold resistant. (rC+)
You are immune to negative energy. (rN+++)
You are immune to unholy pain and torment.
You are vulnerable to heat. (rF-)
You do not drink.


Message History

You enter the shallow water.
Moving in this stuff is going to be slow.
You enter the shallow water.
Moving in this stuff is going to be slow.
Your unstable footing causes you to fumble your attack.
Your unstable footing causes you to fumble your attack.
Your unstable footing causes you to fumble your attack.
Your unstable footing causes you to fumble your attack.
You clumsily bash the plant but do no damage.
You clumsily bash the plant but do no damage.
You clumsily bash the plant but do no damage.
You clumsily bash the plant but do no damage.
You clumsily bash the plant but do no damage.
You enter the shallow water.
Moving in this stuff is going to be slow.
You open the large door.
A quokka comes into view.
There is a large open door here.
Found 4 gold pieces.
The quokka completely misses you. The quokka barely misses you.
You closely miss the quokka. The quokka barely misses you.
You clumsily bash the quokka but do no damage.
The quokka barely misses you. The quokka bites you.
You barely miss the quokka.
The quokka bites you but does no damage.
The quokka closely misses you.
You barely miss the quokka. The quokka closely misses you.
The quokka barely misses you.
You barely miss the quokka. The quokka bites you. x2
You clumsily bash the quokka but do no damage.
The quokka closely misses you.
You closely miss the quokka.
The quokka bites you but does no damage.
The quokka barely misses you.
There is a large open door here.
You closely miss the quokka. The quokka misses you. The quokka bites you.
* * * LOW HITPOINT WARNING * * *
You clumsily bash the quokka but do no damage.
The quokka bites you.
You die...

#≈P≈≈≈≈≈.#
#..≈≈≈≈.##
#≈.≈≈≈.##
#..≈≈..#
#≈≈≈..≈##
#..≈....#
#..P≈.♣.#
#.......#
####'@########
#.r##......
#......$...
###.####.##
#.# #.# #.#
#.# #.#


You could see a quokka.

Vanquished Creatures (others)
  10 plants (D:1)
10 creatures vanquished.

Notes
Turn   | Place    | Note
-------+----------+-------------------------------------------
     0 | D:1      | Hantington the Mummy Necromancer began the quest for the
                  | Orb.
     0 | D:1      | Reached XP level 1. HP: 13/13 MP: 4/4
   346 | D:1      | Slain by a quokka

Illustrated notes

Levels and vault maps discovered:
D:1:      lightli_arrival_windingriver, layout_loops_ring,
          shapermc_ecumenical_altar_rom_forum

Action                   || total
-------------------------++-------
Melee: Hunting sling     ||   226
       Unarmed           ||    18
       Punch             ||     8
Armor: Robe              ||     2
Dodge: Dodged            ||    10
